 Dungeon Crawl Stone Soup version 0.31-a0-222-gefeffbb62a (webtiles) character file.

Game seed: 4157662577075865146

92 qw the Shooter (level 4, -3/36 HPs)
             Began as a Minotaur Hexslinger on July 4, 2023.
             Killed from afar by a dart slug (5 damage)
             ... with a slug dart
             ... on level 2 of the Dungeon.
             The game lasted 00:00:27 (1094 turns).

qw the Shooter (Minotaur Hexslinger)                Turns: 1094, Time: 00:00:27

Health: -3/36      AC:  6    Str: 12    XL:     4   Next: 35%
Magic:  4/4        EV: 11    Int: 10    God:
Gold:   47         SH:  0    Dex: 15    Spells: 4/5 levels left

rFire   . . .        Y - +1 sling
rCold   . . .        (no shield)
rNeg    . . .        g - +0 ring mail
rPois   .            (helmet restricted)
rElec   .            h - +0 cloak
rCorr   .            (no gloves)
SInv    .            (no boots)
Will    .....        (no amulet)
Stlth   +            (no ring)
HPRegen 0.26/turn    (no ring)
MPRegen 0.09/turn

%: no passive effects
@: no status effects
A: horns 2, retaliatory headbutt
a: no special abilities


You were on level 2 of the Dungeon.
You visited 1 branch of the dungeon, and saw 2 of its levels.

You collected 47 gold pieces.


Innate Abilities, Weirdness & Mutations

You have a pair of horns on your head.
You reflexively headbutt those who attack you in melee.


   Skills:
 - Level 2.2 Fighting
 + Level 4.6 Ranged Weapons
 - Level 1.0 Armour
 - Level 2.1 Dodging
 - Level 1.0 Spellcasting
 - Level 2.0 Hexes


You had 4 spell levels left.
You knew the following spells:

 Your Spells              Type           Power      Damage    Failure   Level
a - Slow                  Hex            16%        N/A       34%         1

Your spell library contained the following spells:

 Spells                   Type           Power      Damage    Failure   Level
 Inner Flame              Hex/Fire       2%         N/A       83%         3
 Portal Projectile        Hex/Tloc       4%         N/A       83%         3
 Cause Fear               Hex            2%         N/A       98%         4

Inventory:

Hand Weapons
 Y - a +1 sling (weapon)
Armour
 g - a +0 ring mail (worn)
 h - a +0 cloak (worn)
Scrolls
 a - a scroll of identify {unknown}
Potions
 d - 2 potions of haste {unknown}
 f - a potion of ambrosia {unknown}
 k - a potion of lignification {unknown}

Dungeon Overview and Level Annotations

Branches:
Dungeon (2/15)

Altars:


Message History

You kill Robin!
The goblin hits you but does no damage. The goblin barely misses you.
A dart slug comes into view.
The goblin barely misses you. You furiously retaliate!
You headbutt the goblin!
You kill the goblin!
The hobgoblin hits you.
You shoot a sling bullet. The sling bullet hits the hobgoblin.
The hobgoblin is almost dead.
The hobgoblin no longer looks unusually strong.
The goblin hits you but does no damage. x3; The hobgoblin hits you.
The goblin hits you with a +0 dagger. The hobgoblin closely misses you.
The goblin hits you but does no damage. The hobgoblin barely misses you.
The goblin hits you but does no damage.
You shoot a sling bullet. The sling bullet hits the hobgoblin.
You kill the hobgoblin!
The goblin closely misses you. You furiously retaliate!
You headbutt the goblin.
You kill the goblin!
The hobgoblin hits you but does no damage.
The goblin closely misses you. x2
You shoot a sling bullet. The sling bullet hits the goblin.
You kill the goblin!
The goblin closely misses you. The hobgoblin completely misses you.
The hobgoblin closely misses you.
You shoot a sling bullet.
The sling bullet barely misses the hobgoblin.
A bat comes into view.
The goblin hits you with a +0 dagger. The hobgoblin barely misses you.
The hobgoblin hits you but does no damage.
The dart slug launches a dart at you. The slug dart misses you.
The slug dart hits the goblin.
The goblin dies!
The hobgoblin barely misses you. You furiously retaliate!
You headbutt the hobgoblin!
You kill the hobgoblin!
The hobgoblin hits you but does no damage.
You shoot a sling bullet. The sling bullet hits the hobgoblin.
You kill the hobgoblin!
The dart slug launches a dart at you. The slug dart hits you.
You die...

............##..####
...[..[...#.## .... .#
.....)....#..##.#.##.#
.....................#
.........###.%##.##..###
........## ##....#......
.......#####<..........
. ............)).......
.. . ....###.)@)..w...
.# .## ###)...b..) >#
#(....... .# ....?....
.# ......?.. .#
#######..)..... .#
#......>.......
.#########<# #########
.##........#


You could see a dart slug and a bat.

Vanquished Creatures
  Robin (D:2)
  A gnoll (D:1)
  3 adders (D:2)
  A dart slug (D:1)
  4 bats (D:1)
  An endoplasm (D:1)
  4 giant cockroaches
  7 goblins (D:2)
  5 hobgoblins (D:2)
  3 jackals (D:1)
  4 ball pythons
  A frilled lizard (D:1)
  3 kobolds
  3 rats
41 creatures vanquished.

Vanquished Creatures (others)
  A goblin (D:2)
1 creature vanquished.

Grand Total: 42 creatures vanquished

Notes
Turn   | Place    | Note
-------+----------+-------------------------------------------
     0 | D:1      | qw the Minotaur Hexslinger began the quest for the Orb.
     0 | D:1      | Reached XP level 1. HP: 16/16 MP: 1/1
     0 | D:1      | 0 ||| qw: Version: 0.3-a-46-gb1f654a
     0 | D:1      | 0 ||| qw: Game counter: 959
     0 | D:1      | 0 ||| qw: Melee chars always use a shield: true
     0 | D:1      | 0 ||| qw: God list: Okawaru
     0 | D:1      | 0 ||| qw: Allow faded altars: false
     0 | D:1      | 0 ||| qw: Do Orc after clearing Dungeon:15 true
     0 | D:1      | 0 ||| qw: Do second Lair branch before Depths: true
     0 | D:1      | 0 ||| qw: Lair rune preference: random
     0 | D:1      | 0 ||| qw: Goals: Normal
     0 | D:1      | 0 ||| PLANNING D:1-11
   200 | D:1      | Reached skill level 3 in Ranged Weapons
   209 | D:1      | Reached XP level 2. HP: 23/23 MP: 2/2
   638 | D:1      | Found a faded altar of an unknown god.
   712 | D:1      | 712 ||| FLEEEEING.
   713 | D:1      | 713 ||| FLEEEEING.
   714 | D:1      | 714 ||| FLEEEEING.
   754 | D:1      | Reached XP level 3. HP: 29/29 MP: 3/3
   836 | D:1      | 836 ||| UPGRADING to +0 leather armour.
   846 | D:1      | 846 ||| DROPPING +0 robe.
   847 | D:1      | 847 ||| UPGRADING to +0 ring mail.
   857 | D:1      | 857 ||| DROPPING +0 leather armour.
   858 | D:1      | 858 ||| UPGRADING to +0 cloak.
   863 | D:1      | 863 ||| DROPPING ring of wizardry.
   864 | D:1      | 864 ||| READING scroll labelled NEDGHO YCVODE.
   865 | D:1      | 865 ||| DROPPING scroll of poison.
   986 | D:2      | Reached skill level 4 in Ranged Weapons
  1076 | D:2      | Noticed Robin
  1077 | D:2      | Reached XP level 4. HP: 34/36 MP: 4/4
  1086 | D:2      | Reached skill level 1 in Armour
  1089 | D:2      | Killed Robin
  1089 | D:2      | HP: 7/36 [hobgoblin[Robin] (3)]
  1090 | D:2      | HP: 3/36 [hobgoblin[Robin] (4)]
  1094 | D:2      | Killed from afar by a dart slug

Levels and vault maps discovered:
D:1:      nagdon_arrival_double_spiral, layout_loops_cross,
          shapermc_ecumenical_altar_gd
D:2:      layout_rooms, serial_shops, shop, uniq_crazy_yiuf_cottage, uniq_robin

Skill      XL: |  1  2  3  4 |
---------------+-------------+-----
Ranged Weapons | 3 4 |  4.6
Fighting       | 2 |  2.2
Armour         | 1 |  1.0
Dodging        | |  2.1
Spellcasting   | |  1.0
Hexes          | |  2.0

Action                     |  1- 3 |  4- 6 || total
---------------------------+-------+-------++-------
   Fire: Sling             |    84 |    18 ||   102
    Use: Scroll            |     1 |       ||     1
 Armour: Robe              |    12 |       ||    12
         Ring mail         |    11 |    27 ||    38
  Dodge: Dodged            |    42 |    36 ||    78

Table legend:
 A = Non-vault XP
 B = Vault XP
 C = Vault XP percentage of total XP
 D = Non-vault monster count
 E = Vault monster count
 F = Vault count percentage of total count
                 A         B        C        D         E       F
            +---------+---------+-------+---------+---------+-------
      Total |      97 |      37 |  27.6 |      29 |      12 |  29.3
            +---------+---------+-------+---------+---------+-------
        D:1 |      46 |       0 |   0.0 |      19 |       0 |   0.0
        D:2 |      51 |      37 |  42.0 |      10 |      12 |  54.5
            +---------+---------+-------+---------+---------+-------
